 Dungeon Sprint DCSS version 0.20-a0-629-gc37eb77 (webtiles) character file.

9646 Kidiri the Eclecticist (level 11, -9/72 (73) HPs)
             Began as a Deep Elf Fire Elementalist on Feb 10, 2017.
             Was the Champion of Vehumet.
             Engulfed by a cloud of foul pestilence (15 damage)
             ... in the Dungeon (Sprint III: "The Ten Rune Challenge").
             The game lasted 00:19:14 (2579 turns).

Kidiri the Eclecticist (Deep Elf Fire Elementalist) Turns: 2579, Time: 00:19:15

HP:   -9/72 (73)    AC: 11    Str:  5    XL:     11   Next: 25%
MP:   13/33         EV: 20    Int: 24    God:    Vehumet [******]
Gold: 11            SH:  0    Dex: 15    Spells: 7/42 levels left

rFire    . . .     SeeInvis .   m - +0 dagger
rCold    + . .     Gourm    .   a - +1 robe
rNeg     . . .     Faith    .   (no shield)
rPois    .         Spirit   .   (no helmet)
rElec    .         Reflect  .   l - +2 cloak
rCorr    .         Harm     .   (no gloves)
MR       +....     NoTele   +   k - +1 pair of boots
Stlth    +.........             (no amulet)
Regen    0.3/turn               (no ring)
                                (no ring)

@: lethally poisoned (-9 -> -17), slowed, very slow
A: thin metallic scales 1, cold resistance 1, robust 1, no potion heal 1
a: Renounce Religion


You were in the Dungeon.
You worshipped Vehumet.
Vehumet was exalted by your worship.
You were full.

You visited 1 branch You collected 11 gold pieces.

Inventory:

Hand Weapons
 m - a +0 dagger (weapon)
Armour
 a - a +1 robe (worn)
 k - a +1 pair of boots (worn)
 l - a +2 cloak (worn)
Wands
 b - a wand of acid (7/15)
Scrolls
 n - a scroll of holy word
 p - a scroll of remove curse
 s - a scroll of torment
Potions
 d - 2 potions of curing
 f - a potion of haste
 g - a potion of magic
 h - 3 potions of berserk rage
 r - 4 potions of flight
Comestibles
 c - a bread ration
 i - a chunk of flesh
 j - 13 royal jellies
 u - a meat ration


   Skills:
 + Level 7.5 Fighting
 + Level 8.1 Short Blades
 + Level 7.5 Armour
 + Level 11.1 Dodging
 - Level 2.4 Stealth
 * Level 16.0 Spellcasting
 + Level 9.9 Conjurations
 + Level 10.4 Fire Magic
 + Level 6.7 Ice Magic
 + Level 6.4 Air Magic
 + Level 4.1 Earth Magic
 + Level 6.0 Poison Magic
 + Level 6.8 Evocations


You had 7 spell levels left.
You knew the following spells:

 Your Spells              Type           Power        Failure   Level  Hunger
a - Flame Tongue          Conj/Fire      #####        1%          1    None
b - Throw Flame           Conj/Fire      ######       1%          2    None
c - Conjure Flame         Conj/Fire      ######..     1%          3    None
d - Inner Flame           Hex/Fire       #####...     1%          3    None
e - Sticky Flame          Conj/Fire      ######..     1%          4    None
f - Fireball              Conj/Fire      ######....   1%          5    #......
g - Shock                 Conj/Air       ####         1%          1    None
h - Throw Frost           Conj/Ice       ######       1%          2    None
i - Mephitic Cloud        Conj/Pois/Air  ######..     1%          3    None
j - Iron Shot             Conj/Erth      ######....   7%          6    ####...
k - Iskenderun's Battles  Conj/Chrm      #####...     4%          5    #......


Dungeon Overview and Level Annotations

Branches:
Dungeon (1/1)

Altars:
Cheibriados
Dithmenos
Elyvilon
Fedhas
Gozag
Hepliaklqana
Kikubaaqudgha
Makhleb
Nemelex Xobeh
Okawaru
Qazlal
Ru
Sif Muna
Trog
Uskayaw
Vehumet
Xom
Yredelemnul
Zin
The Shining One
Beogh
Jiyva
Lugonu


Innate Abilities, Weirdness & Mutations

You are partially covered in thin metallic scales. (AC +2)
Your flesh is cold resistant. (rC+)
You are robust. (+10% HP)
Potions are less effective at restoring your health.


Message History

* * * LOW HITPOINT WARNING * * *
The death drake is engulfed in a cloud of scalding steam.
You kill the death drake!
Vehumet accepts your kill.
You feel your power returning.
Your Spellcasting skill increases to level 16!
Your Poison Magic skill increases to level 6!
Your system partially rejects the healing.
You feel better.
You are engulfed in dark miasma.
You are lethally poisoned!
You feel as though you will be slow longer.
* * * LOW HITPOINT WARNING * * *
x2 You feel very sick.
Unknown command.
Your system partially rejects the healing.
You feel better.
You are engulfed in dark miasma.
You are lethally poisoned!
You feel your flesh rotting away!
You feel as though you will be slow longer.
You die...

.#___#__+...#...#..#..##..'......
▓▓▓▓▓▓▓▓▓▓▓▓▓▓▓▓▓▓▓▓▓▓▓▓▓▓#...(.(
♣♣≈≈≈........≈≈÷...#....(.
+♣♣'♣≈≈≈≈≈≈≈≈≈≈≈≈♣♣..'.(....
#.≈♣♣♣♣♣♣♣♣♣♣♣♣♣♣♣♣..#......
#..♣♣ ♣♣♣##+####
###'♣♣♣♣♣♣♣♣♣♣♣♣♣♣♣
♣♣♣♣%##(.##≈≈≈≈≈≈..#
♣...##.##)#≈@≈≈≈...#
♣♣♣.##.##(##'≈†≈§§###
♣....#.##§..#§≈.§§§§§
♣♣...##.##..#≈..+####
♣...##.#####...# ♣♣.....# ....#
####### #####


There were no monsters in sight!

Vanquished Creatures
  Erolcha (D)
  2 hydras (D)
  Urug (D)
  A death drake (D)
  A lindwurm (D)
  A deep elf mage (D)
  2 spiny frogs (D)
  A komodo dragon (D)
  3 wandering mushrooms (D)
  A queen bee (D)
  2 tyrant leeches (D)
  5 redbacks (D)
  A shadow (D)
  A spatial vortex (D)
  A necrophage (D)
  5 two-headed ogres (D)
  A water elemental (D)
  31 killer bees (D)
  An electric eel (D)
  A jelly (D)
  A wizard (D)
  Crazy Yiuf (D)
  A necromancer (D)
  3 humans (D)
  A kobold demonologist (D)
  4 rats (D)
74 creatures vanquished.

Vanquished Creatures (collateral kills)
  A killer bee (D)
1 creature vanquished.

Vanquished Creatures (others)
  2 draconian scorchers (D)
  6 hellions (D)
  2 yaktaurs (D)
  3 plants (D)
13 creatures vanquished.

Grand Total: 88 creatures vanquished

Notes
Turn   | Place    | Note
-------+----------+-------------------------------------------
     0 | D        | Kidiri the Deep Elf Fire Elementalist began the quest for the Orb.
     0 | D        | Reached XP level 1. HP: 10/10 MP: 6/6
   115 | D        | Killed a hellion
   115 | D        | Killed a hellion
   116 | D        | Killed a hellion
   116 | D        | Killed a hellion
   117 | D        | Killed a hellion
   142 | D        | Reached skill level 1 in Fighting
   142 | D        | Reached skill level 1 in Armour
   142 | D        | Reached skill level 5 in Spellcasting
   142 | D        | Reached XP level 2. HP: 10/16 MP: 0/10
   146 | D        | Killed a yaktaur
   149 | D        | Learned a level 2 spell: Throw Flame
   237 | D        | Killed a white draconian scorcher
   247 | D        | Killed a white draconian scorcher
   261 | D        | Noticed Crazy Yiuf
   268 | D        | Killed Crazy Yiuf
   268 | D        | Reached XP level 3. HP: 21/21 MP: 8/12
   272 | D        | Killed a hellion
   273 | D        | Learned a level 3 spell: Conjure Flame
   277 | D        | Learned a level 3 spell: Inner Flame
   308 | D        | Gained mutation: You are agile. (Dex +2) [potion of mutation]
   308 | D        | Gained mutation: Potions are less effective at restoring your health. [potion of mutation]
   308 | D        | Gained mutation: Your system is resistant to poisons. (rPois) [potion of mutation]
   308 | D        | Gained mutation: You have a somewhat thin skeletal structure. (Dex +2, Stealth) [potion of mutation]
   309 | D        | Lost mutation: Your system is resistant to poisons. (rPois) [potion of mutation]
   309 | D        | Lost mutation: You are agile. (Dex +2) [potion of mutation]
   309 | D        | Lost mutation: You have a somewhat thin skeletal structure. (Dex +2, Stealth) [potion of mutation]
   309 | D        | Gained mutation: You are robust. (+10% HP) [potion of mutation]
   309 | D        | Gained mutation: You are partially covered in thin metallic scales. (AC +2) [potion of mutation]
   309 | D        | Gained mutation: Your flesh is cold resistant. (rC+) [potion of mutation]
   341 | D        | Noticed a water elemental
   343 | D        | Killed a water elemental
   343 | D        | Reached skill level 7 in Spellcasting
   343 | D        | Reached XP level 4. HP: 29/29 MP: 11/15
   349 | D        | Learned a level 4 spell: Sticky Flame
   371 | D        | Found a radiant altar of Vehumet.
   372 | D        | Found a deep blue altar of Sif Muna.
   372 | D        | Found an ancient bone altar of Kikubaaqudgha.
   372 | D        | Noticed a wizard
   375 | D        | Killed a wizard
   375 | D        | Reached skill level 5 in Dodging
   375 | D        | Reached skill level 5 in Fire Magic
   376 | D        | Reached XP level 5. HP: 30/35 MP: 7/17
   394 | D        | Became a worshipper of Vehumet
   401 | D        | Learned a level 5 spell: Fireball
   411 | D        | Killed a yaktaur
   441 | D        | Found a glowing silver altar of Zin.
   442 | D        | Found a glowing golden altar of the Shining One.
   442 | D        | Found a white marble altar of Elyvilon.
   442 | D        | Noticed a deep elf mage
   452 | D        | Killed a deep elf mage
   452 | D        | Reached skill level 10 in Spellcasting
   452 | D        | Reached skill level 5 in Conjurations
   452 | D        | Reached XP level 6. HP: 39/42 MP: 9/21
   452 | D        | Reached XP level 7. HP: 45/48 MP: 9/23
   529 | D        | Found a hide-covered altar of Uskayaw.
   529 | D        | Found a roughly hewn altar of Beogh.
   529 | D        | Found an iron altar of Okawaru.
   529 | D        | Found a bloodstained altar of Trog.
   529 | D        | Noticed a human
   531 | D        | Noticed a human
   533 | D        | Killed a human
   533 | D        | Reached skill level 11 in Spellcasting
   534 | D        | Killed a human
   534 | D        | Reached * piety under Vehumet
   534 | D        | Offered knowledge of Shock by Vehumet.
   537 | D        | Learned a level 1 spell: Shock
   642 | D        | Found a basalt altar of Yredelemnul.
   642 | D        | Found a shadowy altar of Dithmenos.
   642 | D        | Found a sacrificial altar of Ru.
   649 | D        | Reached skill level 5 in Armour
   655 | D        | Reached skill level 5 in Fighting
   755 | D        | Noticed a shadow
   759 | D        | Reached ** piety under Vehumet
   759 | D        | Offered knowledge of Searing Ray by Vehumet.
   759 | D        | Reached skill level 1 in Air Magic
   759 | D        | Killed a shadow
   759 | D        | Reached skill level 12 in Spellcasting
   759 | D        | Reached XP level 8. HP: 16/53 MP: 16/26
   990 | D        | Found a blossoming altar of Fedhas.
   990 | D        | Found a stormy altar of Qazlal.
   990 | D        | Found a snail-covered altar of Cheibriados.
   990 | D        | Found a burning altar of Makhleb.
   990 | D        | Found a shimmering altar of Xom.
   991 | D        | Found a hazy altar of Hepliaklqana.
   991 | D        | Found an opulent altar of Gozag.
   991 | D        | Found a sparkling altar of Nemelex Xobeh.
   991 | D        | Found a corrupted altar of Lugonu.
   991 | D        | Found a viscous altar of Jiyva.
  1004 | D        | Offered knowledge of Throw Frost by Vehumet.
  1004 | D        | Reached skill level 5 in Short Blades
  1008 | D        | Learned a level 2 spell: Throw Frost
  1070 | D        | Reached *** piety under Vehumet
  1070 | D        | Reached skill level 1 in Ice Magic
  1070 | D        | Reached skill level 1 in Evocations
  1179 | D        | Noticed a two-headed ogre
  1185 | D        | Killed a two-headed ogre
  1185 | D        | Offered knowledge of Mephitic Cloud by Vehumet.
  1190 | D        | Learned a level 3 spell: Mephitic Cloud
  1293 | D        | Noticed a two-headed ogre
  1293 | D        | Noticed Erolcha
  1296 | D        | Paralysed by Erolcha for 4 turns
  1304 | D        | Killed Erolcha
  1304 | D        | Reached skill level 13 in Spellcasting
  1304 | D        | Reached XP level 9. HP: 35/60 MP: 15/28
  1305 | D        | Killed a two-headed ogre
  1305 | D        | Reached **** piety under Vehumet
  1305 | D        | Offered knowledge of Irradiate by Vehumet.
  1518 | D        | Noticed a queen bee
  1522 | D        | Reached ***** piety under Vehumet
  1522 | D        | Offered knowledge of Iron Shot by Vehumet.
  1525 | D        | Reached skill level 14 in Spellcasting
  1531 | D        | Reached ****** piety under Vehumet
  1532 | D        | Reached skill level 10 in Dodging
  1535 | D        | Reached XP level 10. HP: 63/67 MP: 24/30
  1539 | D        | Reached skill level 5 in Ice Magic
  1541 | D        | Reached skill level 5 in Evocations
  1674 | D        | Reached skill level 5 in Air Magic
  1682 | D        | Learned a level 6 spell: Iron Shot
  1694 | D        | Offered knowledge of Iskenderun's Battlesphere by Vehumet.
  1714 | D        | Learned a level 5 spell: Iskenderun's Battlesphere
  1745 | D        | Noticed a spiny frog
  1745 | D        | Noticed a spiny frog
  1766 | D        | Killed a spiny frog
  1766 | D        | Reached skill level 1 in Earth Magic
  2049 | D        | Killed a spiny frog
  2111 | D        | Reached skill level 15 in Spellcasting
  2173 | D        | Offered knowledge of Bolt of Draining by Vehumet.
  2173 | D        | Reached skill level 5 in Poison Magic
  2231 | D        | Noticed a lindwurm
  2237 | D        | Killed a lindwurm
  2237 | D        | Reached skill level 10 in Fire Magic
  2409 | D        | Noticed Urug
  2416 | D        | Killed Urug
  2416 | D        | Reached XP level 11. HP: 47/73 MP: 20/32
  2565 | D        | Noticed an eight-headed hydra
  2565 | D        | Noticed a four-headed hydra
  2568 | D        | Noticed a death drake
  2568 | D        | Killed a four-headed hydra
  2571 | D        | Killed an eight-headed hydra
  2571 | D        | Offered knowledge of Bolt of Cold by Vehumet.
  2577 | D        | Killed a death drake
  2577 | D        | Reached skill level 16 in Spellcasting
  2578 | D        | HP: 2/73 [poison (dark miasma)]
  2579 | D        | Engulfed by a cloud of foul pestilence

Vault maps used:
D:        dungeon_sprint_mu

Skill      XL: |  1  2  3  4  5  6  7  8  9 10 11 |
---------------+----------------------------------+-----
Fighting       | 1 2 4 5 6 7 |  7.5
Armour         | 1 2 4 5 6 7 |  7.5
Dodging        | 3 4 5 7 8 9 10 11 | 11.1
Spellcasting   | 5 7 10 12 13 14 15 16 | 16.0
Conjurations   | 2 3 4 5 7 8 9 |  9.9
Fire Magic     | 4 5 6 7 8 9 10 | 10.4
Short Blades   | 3 4 6 7 8 |  8.1
Air Magic      | 1 3 4 6 |  6.4
Ice Magic      | 3 4 6 |  6.7
Evocations     | 3 4 6 |  6.8
Poison Magic   | 2 3 5 6 |  6.0
Earth Magic    | 3 4 |  4.1
Stealth        | |  2.4

Action                   |  1- 3 |  4- 6 |  7- 9 | 10-12 || total
-------------------------+-------+-------+-------+-------++-------
Melee: Unarmed           |     1 |       |       |       ||     1
       Dagger            |       |     1 |     2 |     3 ||     6
 Cast: Flame Tongue      |    18 |     1 |    48 |    47 ||   114
       Sticky Flame      |       |     4 |     5 |     9 ||    18
       Conjure Flame     |       |       |     6 |     1 ||     7
       Fireball          |       |       |     8 |    10 ||    18
       Inner Flame       |       |       |     2 |       ||     2
       Mephitic Cloud    |       |       |     4 |       ||     4
       Shock             |       |       |     3 |       ||     3
       Throw Flame       |       |       |     2 |       ||     2
       Iron Shot         |       |       |       |     5 ||     5
  Use: Scroll            |     4 |     1 |       |     1 ||     6
       Potion            |     2 |       |     1 |     3 ||     6
 Stab: Sleeping          |       |     1 |     1 |     2 ||     4
  Eat: Royal jelly       |       |       |     2 |     5 ||     7
Armor: Robe              |     1 |     2 |       |     4 ||     7
Dodge: Dodged            |     4 |     2 |    14 |    42 ||    62
